 Dungeon Crawl Stone Soup version 0.17-a0-1430-g49fde19 (webtiles) character file.

1553 abixa the Grappler (level 8, -3/80 HPs)
             Began as a Troll Monk on June 25, 2015.
             Was a Priest of Okawaru.
             Slain by a killer bee (7 damage)
             ... on level 6 of the Dungeon.
             The game lasted 00:21:27 (4699 turns).

abixa the Grappler (Troll Monk)                     Turns: 4699, Time: 00:21:28

Health: -3/80      AC:  6    Str: 20    XL:     8   Next: 57%
Magic:  7/7        EV:  8    Int:  6    God:    Okawaru [***...]
Gold:   253        SH:  8    Dex: 14    Spells: 0 memorised, 7 levels left

rFire  . . .     SeeInvis .       - Unarmed
rCold  . . .     Clarity  .     a - +0 robe
rNeg   + . .     SustAt   .     o - +0 shield
rPois  .         Gourm    +     (helmet restricted)
rElec  .         Spirit   .     t - +0 cloak
rCorr  .         Warding  .     (gloves unavailable)
rMut   .         Stasis   .     (boots unavailable)
MR     .....                    (no amulet)
Stlth  ++........               (no ring)
                                E - ring of positive energy

@: lethally poisoned (-3 -> -8), not resistant to hostile enchantments,
unstealthy
A: unfitting armour, claws 3, fast metabolism 3, gourmand, regeneration 2,
shaggy fur 1, tough skin 2
a: Heroism, Renounce Religion


You were on level 6 of the Dungeon.
You worshipped Okawaru.
Okawaru was most pleased with you.
You were full.

You visited 2 branches of the dungeon, and saw 8 of its levels.

You collected 331 gold pieces.
You spent 78 gold pieces at shops.

Inventory:

Hand weapons
 B - a +0 hunting sling
Missiles
 c - 219 stones (quivered)
 f - 14 poisoned needles
 l - 10 poisoned sling bullets
 n - 40 sling bullets
 A - 5 needles of paralysis
 C - 3 curare-tipped needles
Armour
 a - a +0 robe (worn)
 o - a +0 shield (worn)
 t - a +0 cloak (worn)
Jewellery
 E - a ring of positive energy (left claw)
Magical devices
 v - a wand of random effects (16)
 w - a wand of polymorph (12)
 I - a wand of magic darts (31)
Scrolls
 d - 5 scrolls of remove curse
 h - 3 scrolls of blinking
 i - 2 scrolls of enchant armour {unknown}
 m - 3 scrolls of fear
 r - 3 scrolls of teleportation {unknown}
 s - a scroll of magic mapping {unknown}
 x - a scroll of random uselessness {unknown}
 F - 2 scrolls of noise {unknown}
 H - a scroll of enchant weapon {unknown}
Potions
 e - 2 potions of cancellation
 j - a potion of brilliance {unknown}
 p - a potion of flight {unknown}
 q - a potion of might {unknown}
 u - a potion of cure mutation {unknown}
 z - 2 potions of heal wounds
 G - a potion of berserk rage {unknown}
Comestibles
 b - 6 bread rations
 g - 3 meat rations
 k - a beef jerky
 D - 3 slices of pizza


   Skills:
 + Level 5.3 Fighting
 * Level 2.7 Throwing
 - Level 2.4 Dodging
 - Level 1.1 Stealth
 + Level 1.3 Shields
 + Level 9.2 Unarmed Combat
 - Level 0.3 Invocations


You had 7 spell levels left.
You didn't know any spells.

Dungeon Overview and Level Annotations

Branches:
Dungeon (7/15)             Temple (1/1) D:4

Altars:
Ashenzari
Cheibriados
Elyvilon
Fedhas
Gozag
Kikubaaqudgha
Makhleb
Nemelex Xobeh
Okawaru
Qazlal
Sif Muna
Trog
Vehumet
Xom
Yredelemnul
Zin
The Shining One

Shops:
D:4 ?

Annotations:
D:7 Joseph


Innate Abilities, Weirdness & Mutations

You are too large for most types of armour.
You have claws for hands.
Your metabolism is lightning-fast.
You like to eat raw meat.
You heal very quickly.
You are covered in fur (AC +1).
You have very tough skin (AC +2).


Message History

The killer bee closely misses you. You block the killer bee's attack.
You miss the killer bee.
You feel sick. The killer bee stings you.
* * * LOW HITPOINT WARNING * * *
You block the killer bee's attack.
You miss the killer bee.
You feel sick. You block the killer bee's attack.
You barely miss the killer bee.
You feel sick. The killer bee closely misses you. The killer bee stings you.
* * * LOW HITPOINT WARNING * * *
You are lethally poisoned!
The killer bee poisons you!
Evoke which item? (* to show all) (? for menu, Esc to quit)
Okay, then.
Unknown command.
Unknown command.
Unknown command.
Drink which item? (? for menu, Esc to quit)
It was a potion of cancellation.
You feel magically purged.
* * * LOW HITPOINT WARNING * * *
You feel sick. You block the killer bee's attack. The killer bee stings you!
You die...

#.# #.#.##.#...............# ##'##
#.#........#.##........#
....###'#.<#.....#...........#
....#....#.#.....####........#
....#............####........#
##.##....####.......'........#
#.##............####........######
#.##.....####..#####..............
#.#......#...[>y@...########......
#.#......#...#.###................
##.#......###.#.# #..........######
.#.#............# #..........# #..
.#.#.....####.### #..........# #.#
.#.#.####...#.#####..........# #.#
.#.#.####.....##.............####.#
.#.#........####.............##....
.#.#############.............##.#.#


You could see a killer bee.

Vanquished Creatures
  2 phantoms
  A sky beast (D:7)
  3 ogres
  A giant frog (D:6)
  A wyvern skeleton (D:7)
  A scorpion (D:6)
  2 killer bees (D:6)
  A crimson imp (D:5)
  A giant frog zombie (D:6)
  4 hounds
  An orc priest (D:7)
  Jessica (D:3)
  2 orc wizards
  A giant frog skeleton (D:6)
  6 worker ants
  2 hound skeletons
  4 gnolls
  10 adders
  2 shadow imps
  An ooze (D:1)
  2 worms
  3 giant geckos
  18 orcs
  11 bats
  A bat skeleton (D:6)
  2 giant cockroaches (D:1)
  10 goblins
  7 hobgoblins
  17 kobolds
  6 giant newts
  A quokka (D:3)
  14 rats
139 creatures vanquished.

Vanquished Creatures (others)
  An orc (D:7)
1 creature vanquished.

Grand Total: 140 creatures vanquished

Notes
Turn   | Place    | Note
--------------------------------------------------------------
     0 | D:1      | abixa the Troll Monk began the quest for the Orb.
     0 | D:1      | Reached XP level 1. HP: 22/22 MP: 0/0
    50 | D:1      | Reached XP level 2. HP: 29/29 MP: 1/1
   348 | D:1      | Reached skill level 5 in Unarmed Combat
   348 | D:1      | Reached XP level 3. HP: 17/36 MP: 2/2
  1063 | D:3      | Noticed a phantom
  1082 | D:2      | Reached XP level 4. HP: 22/44 MP: 3/3
  1170 | D:2      | Killed a phantom
  1170 | D:2      | Reached skill level 6 in Unarmed Combat
  1170 | D:2      | Reached XP level 5. HP: 37/50 MP: 4/4
  1566 | D:3      | Noticed Jessica
  1577 | D:3      | Killed Jessica
  1577 | D:3      | Reached skill level 7 in Unarmed Combat
  2044 | D:4      | Noticed a phantom
  2064 | D:4      | Killed a phantom
  2064 | D:4      | Reached XP level 6. HP: 52/61 MP: 5/5
  2147 | D:4      | Found Babog's Magic Scroll Shop.
  2150 | D:4      | Bought a scroll of identify for 26 gold pieces
  2150 | D:4      | Bought a scroll of identify for 26 gold pieces
  2150 | D:4      | Bought a scroll of identify for 26 gold pieces
  2181 | D:4      | Noticed an ogre
  2190 | D:4      | Killed an ogre
  2464 | D:4      | Reached XP level 7. HP: 61/67 MP: 6/6
  2505 | D:5      | Entered Level 5 of the Dungeon
  2620 | D:5      | Reached skill level 8 in Unarmed Combat
  2806 | D:5      | Found a burning altar of Makhleb.
  3115 | D:4      | Found a staircase to the Ecumenical Temple.
  3142 | Temple   | Entered the Ecumenical Temple
  3236 | Temple   | Became a worshipper of Warmaster Okawaru
  3236 | Temple   | Acquired Okawaru's first power
  3784 | D:6      | Reached XP level 8. HP: 77/79 MP: 7/7
  3918 | D:6      | Reached skill level 5 in Fighting
  4234 | D:7      | Noticed Joseph
  4381 | D:6      | Reached skill level 1 in Throwing
  4486 | D:7      | Reached skill level 9 in Unarmed Combat
  4575 | D:6      | Reached skill level 1 in Shields
  4699 | D:6      | HP: 4/80 [poisoned by a killer bee]
  4699 | D:6      | Slain by a killer bee

Vault maps used:
D:1:      tarquinn_simple_flora_water_a
D:3:      uniq_jessica
D:4:      minmay_temple_entry_from_below_b, serial_shops, kennysheep_mini,
          kennysheep_generic_room_5
D:5:      lemuel_crystal_altar, first_bread
D:7:      nicolae_overflow_hidden_temple, kennysheep_generic_room_14,
          uniq_joseph, uniq_crazy_yiuf_cottage, uniq_menkaure
Temple:   nicolae_temple_elliptical

Action                   |  1- 3 |  4- 6 |  7- 9 || total
-------------------------+-------+-------+-------++-------
Melee: Unarmed           |   102 |   160 |   206 ||   468
Throw: Stone             |     2 |     9 |     6 ||    17
  Use: Scroll            |       |     1 |     3 ||     4
       Potion            |       |       |     1 ||     1
 Stab: Sleeping          |     1 |     5 |     2 ||     8
  Eat: Chunk             |    13 |    15 |    17 ||    45
